 Dungeon Crawl Stone Soup version bcrawl-1.19.2-6-g6a88ae04c9 (webtiles) character file.

Game seed: 12868972500490571459

88 Anathary the Slasher (level 4, 0/40 HPs)
             Began as a Djinni Fighter on Dec 20, 2019.
             Slain by a goblin
             ... wielding a +0 dagger
             ... led by Robin
              (2 damage)
             ... on level 3 of the Dungeon.
             The game lasted 00:07:03 (1910 turns).

Anathary the Slasher (Djinni Fighter)               Turns: 1910, Time: 00:07:04

Health: 0/40       AC:  6    Str: 19    XL:     4   Next: 29%
Magic:  4/4        EV:  7    Int: 16    God:
Gold:   122        SH:  9    Dex: 10    Spells: 3/3 levels left

rFire    . . .     SeeInvis .   a - +0 long sword
rCold    . . .     Gourm    .   c - +0 shield
rNeg     . . .     Faith    .   b - +0 scale mail
rPois    .         Spirit   .   (no helmet)
rElec    .         Reflect  .   (no cloak)
rCorr    .         Harm     .   (no gloves)
MR       .....     Rnd*Rage +   (boots unavailable)
Stlth    ..........             (no amulet)
HPRegen  0.13/turn              n - +5 ring of intelligence
MPRegen  0.09/turn              (no ring)

@: flying
A: never pass out, berserk 2, blink, blurry vision 2, wild magic 2, MP-powered
wands, floating
a: Blink


You were on level 3 of the Dungeon.
You were not hungry.

You visited 1 branch of the dungeon, and saw 3 of its levels.

You collected 122 gold pieces.

Inventory:

Hand Weapons
 a - a +0 long sword (weapon)
Armour
 b - a +0 scale mail (worn)
 c - a +0 shield (worn)
 g - a +0 plate armour
Jewellery
 n - a +5 ring of intelligence (left hand)
Scrolls
 i - 2 scrolls of teleportation
 j - 3 scrolls of identify
 m - 2 scrolls of remove curse
 o - a scroll of enchant armour {unknown}
Potions
 d - a potion of might
 e - 2 potions of flight
 h - 2 potions of curing {unknown}
 k - 2 potions of haste {unknown}
 l - a potion of berserk rage {unknown}
 p - a potion of lignification {unknown}
Comestibles
 f - 3 rations {!d}


   Skills:
 - Level 3.7 Fighting
 * Level 4.0 Long Blades
 - Level 3.1 Armour
 - Level 0.1 Dodging
 - Level 0.1 Stealth
 - Level 2.9 Shields


You had 3 spell levels left.
You didn't know any spells.
Your spell library was empty.

Dungeon Overview and Level Annotations

Branches:
Dungeon (3/12)

Altars:
Dithmenos
Zin

Annotations:
D:3 Robin


Innate Abilities, Weirdness & Mutations

You never pass out after going berserk.
You often lose your temper in combat.
You can translocate small distances at will.
Scrolls take you longer to read.
Your spells are harder to cast, but more powerful.
You expend magic power (3 MP) to strengthen your wands.
Your body floats in the air.


Message History

You block the goblin's attack. x2; The goblin hits you with a +0 dagger.
* * * LOW HITPOINT WARNING * * *
Your shield and scale mail prevent you from hitting Robin.
Robin is moderately wounded.
You block the goblin's attack. You block the hobgoblin's attack.
The goblin hits you but does no damage. x3
Robin roars a battlecry!
The goblin goes into a battle-frenzy!
You barely miss Robin.
Robin is moderately wounded.
The goblin no longer looks unusually strong.
The goblin hits you but does no damage.
The hobgoblin hits you but does no damage.
The goblin hits you but does no damage. The goblin hits you.
* * * LOW HITPOINT WARNING * * *
You block the goblin's attack.
Robin roars a battlecry!
The goblin goes into a battle-frenzy!
The goblin hits you with a +0 dagger.
You die...

.......# ###########
#..........
#...........
#..g........#
#.ggg.......#
#.g@g.......#
#.g.........#
#...........# ....
#...........# ....
###...........#.g...
#.............#g....
#...................
#...................
#.............?.....


You could see Robin, 2 hobgoblins and 4 goblins.

Vanquished Creatures
  A crimson imp (D:3)
  An ooze (D:3)
  A dart slug (D:1)
  A ball python (D:1)
  2 giant cockroaches
  9 hobgoblins
  5 jackals
  3 kobolds
  2 quokkas
  4 bats
  4 frilled lizards
  6 goblins
  6 rats
45 creatures vanquished.

Notes
Turn   | Place    | Note
-------+----------+-------------------------------------------
     0 | D:1      | Anathary the Djinni Fighter began the quest for the Orb.
     0 | D:1      | Reached XP level 1. HP: 19/19 MP: 1/1
   783 | D:1      | Reached XP level 2. HP: 22/27 MP: 2/2
  1310 | D:2      | Reached XP level 3. HP: 28/33 MP: 3/3
  1417 | D:2      | Found a glowing silver altar of Zin.
  1418 | D:2      | Found a shadowy altar of Dithmenos.
  1807 | D:3      | Reached skill level 3 in Long Blades
  1842 | D:3      | Gained mutation: Your spells are harder to cast, but more
                  | powerful. [Djinni growth]
  1842 | D:3      | Gained mutation: You can translocate small distances at
                  | will. [Djinni growth]
  1842 | D:3      | Reached XP level 4. HP: 40/40 MP: 4/4
  1882 | D:3      | Noticed Robin
  1896 | D:3      | Reached skill level 4 in Long Blades
  1910 | D:3      | HP: 2/40 [goblin[Robin] (5)]
  1910 | D:3      | Slain by a goblin

Skill      XL: |  1  2  3  4 |
---------------+-------------+-----
Armour         | 3 |  3.1
Long Blades    | 3 4 |  4.0
Fighting       | |  3.7
Dodging        | |  0.1
Stealth        | |  0.1
Shields        | |  2.9

Action                   |  1- 3 |  4- 6 || total
-------------------------+-------+-------++-------
Melee: Long sword        |   142 |    15 ||   157
  Use: Scroll            |     3 |       ||     3
  Eat: Ration            |     1 |       ||     1
Armor: Scale mail        |    88 |    22 ||   110
Dodge: Dodged            |    54 |    23 ||    77
Block: Shield            |    71 |    30 ||   101
